 Dungeon Crawl Stone Soup version 0.15.0-13-gb296d5c (webtiles) character file.

107 Crauler the Charmwright (level 4, 0/23 HPs)
             Began as a Vine Stalker Skald on Sept 3, 2014.
             Slain by Sigmund
             ... wielding a +0 scythe
              (5 damage)
             ... on Level 2 of the Dungeon.
             The game lasted 00:05:15 (2218 turns).

Crauler the Charmwright (Vine Stalker Skald)        Turns: 2218, Time: 00:05:16

HP   0/23        AC  3     Str 17      XL: 4   Next: 86%
MP   0/9         EV 11     Int 12      God:
Gold 131         SH  0     Dex 15      Spells:  3 memorised,  2 levels left

rFire  . . .     SeeInvis .     m - +0 whip
rCold  . . .     Clarity  +     b - +0 leather armour
rNeg   . . .     rCorr    .     (no shield)
rPois  .         rRot     +     (no helmet)
rElec  .         Spirit   +     (no cloak)
SustAb .         Warding  .     (no gloves)
rMut   .         Stasis   .     (no boots)
Gourm  .                        h - amulet of clarity
MR     .....                    i - +3 ring of strength
                                (no ring)

@: not resistant to hostile enchantments, very unstealthy
A: fangs 2, regeneration 1, magic shield, antimagic bite, no device heal 3, rot
immunity
a: no special abilities


You were on level 2 of the Dungeon.
You were hungry.

You visited 1 branch of the dungeon, and saw 3 of its levels.

You collected 131 gold pieces.

Inventory:

Hand weapons
 a - a +0 mace
 m - a +0 whip (weapon)
 w - a +1 flail
Armour
 b - a +0 leather armour (worn)
 p - a cursed +0 shield
Comestibles
 d - 2 bread rations
 f - a meat ration
 g - a rotting chunk of worm flesh
 k - a beef jerky
 l - a chunk of giant newt flesh
Scrolls
 e - 4 scrolls of identify
 v - 2 scrolls of recharging
Jewellery
 h - an amulet of clarity (around neck)
 i - a +3 ring of strength (right hand)
Potions
 j - 2 potions of curing
Books
 c - a book of Battle

   Spells                             Type                      Level
   *Infusion                          Charms                       1
   *Shroud of Golubria                Charms/Translocation         2
   *Song of Slaying                   Charms                       2
   Spectral Weapon                    Hexes/Charms                 3
   Regeneration                       Charms/Necromancy            3


   Skills:
 + Level 2.2 Fighting
 * Level 2.6 Maces & Flails
 + Level 1.7 Armour
 + Level 1.0 Dodging
 + Level 0.6 Shields
 + Level 2.4 Spellcasting
 + Level 3.6 Charms


You had 2 spell levels left.
You knew the following spells:

 Your Spells              Type           Power        Failure   Level  Hunger
a - Infusion              Chrm           ##....       8%          1    ##.....
b - Song of Slaying       Chrm           ##......     12%         2    ###....
c - Shroud of Golubria    Chrm/Tloc      #.........   21%         2    ###....


Dungeon Overview and Level Annotations

Branches:
Dungeon (3/15)

Altars:
Xom

Annotations:
D:2 Sigmund


Innate Abilities, Weirdness & Mutations

You have extremely sharp teeth.
Your natural rate of healing is unusually fast.
When hurt, damage is shared between your health and your magic reserves.
Your bite disrupts and absorbs the magic of your enemies.
Potions and wands cannot restore your health.
You are immune to rotting.


Message History

Sigmund is lightly wounded.
Sigmund gestures wildly while chanting.
Sigmund flickers and vanishes!
Deactivating autopickup; reactivate with Ctrl-A.
You are feeling hungry.
You closely miss something.
You hear a zap.
The puff of flame hits you!
You hit something. You bite something. You drain its magic.
You feel invigorated.
You hear a zap.
The puff of flame hits you!
* * * LOW HITPOINT WARNING * * *
You hit something. You bite something. Something hits you.
* * * LOW HITPOINT WARNING * * *
You barely miss something. Your bite misses something.
Drink which item? (? for menu, Esc to quit)
You have no ailments to cure.
You barely miss something. Something hits you!
You die...

#..........#### #........#
#.............######........#
#.............#...##........#
####...........................#
...).....'''...........#########
####.....###...........####
#.....# #####.......'..# #.....#
#.......##.# #######
#@#'#....#.# #.#.#.#.##.#
#.#.###.##.# #.#.#......#
#)#.#.#.#### #.#.@.....#
#.......#.# #####.###.# #.<...#
#.#


There were no monsters in sight!

Vanquished Creatures
  2 adders
  3 gnolls (D:2)
  A worm (D:2)
  A giant gecko (D:3)
  2 oozes
  An orc (D:3)
  5 bats
  2 giant cockroaches
  6 goblins
  5 hobgoblins
  3 jackals
  8 kobolds
  A quokka (D:3)
  A ball python (D:2)
  6 giant newts
  5 rats
52 creatures vanquished.

Vanquished Creatures (others)
  A jackal (D:3)
1 creature vanquished.

Grand Total: 53 creatures vanquished

Notes
Turn   | Place    | Note
--------------------------------------------------------------
     0 | D:1      | Crauler, the Vine Stalker Skald, began the quest for the Orb.
     0 | D:1      | Reached XP level 1. HP: 11/11 MP: 3/3
   128 | D:1      | Reached skill level 1 in Armour
   128 | D:1      | Reached XP level 2. HP: 15/15 MP: 6/6
  1043 | D:2      | Learned a level 2 spell: Song of Slaying
  1046 | D:2      | Learned a level 2 spell: Shroud of Golubria
  1061 | D:2      | Noticed Sigmund
  1091 | D:3      | Reached XP level 3. HP: 6/18 MP: 2/7
  1203 | D:3      | Found a shimmering altar of Xom.
  1205 | D:3      | Found a shimmering altar of Xom.
  1208 | D:3      | Found a shimmering altar of Xom.
  1218 | D:3      | Found a shimmering altar of Xom.
  1219 | D:3      | Found a shimmering altar of Xom.
  1220 | D:3      | Found a shimmering altar of Xom.
  1221 | D:3      | Found a shimmering altar of Xom.
  1807 | D:2      | Reached XP level 4. HP: 3/23 MP: 2/9
  2051 | D:2      | Reached skill level 1 in Dodging
  2218 | D:2      | Slain by Sigmund

Action                   |  1- 3 |  4- 6 || total
-------------------------+-------+-------++-------
Melee: Mace              |    57 |       ||    57
       Whip              |    77 |    66 ||   143
 Cast: Infusion          |     1 |     1 ||     2
       Shroud of Golubri |       |     1 ||     1
  Use: Potion            |     1 |       ||     1
       Scroll            |       |     8 ||     8
  Eat: Chunk             |     2 |     2 ||     4
